MLB
BOSTON RED SOX @ SEATTLE MARINERS
06/16/2018
 
TOP OF THE 1ST
Boston Red Sox batting - Pitching for Seattle Mariners : RHP Gabriel Ynoa
Pitching: RHP Gabriel Ynoa
Batting: RHB Cesar Puello 0-0: Called Strike
0-1: Swinging Strike
0-2: Strikes out swinging
Batting: SHB Yangervis Solarte 0-0: SINGLE (Flyball, 8LS)
Batting: LHB Matt Adams 0-0: SINGLE (Groundball, 34D)
Yangervis Solarte to second
Runner from 2nd tries for 3rd, SAFE, throw by RF made to third
Batting: RHB Yasiel Puig 0-0: Ball
1-0: Swinging Strike
1-1: Ball
2-1: Foul Ball, location: 2F
2-2: Foul Ball, location: 2F
2-2: Foul Ball, location: 2F
2-2: Foul Ball, location: 2F
2-2: Strikes out swinging
Batting: LHB Jackie Bradley Jr. 0-0: Called Strike
0-1: Foul Ball, location: 2F
0-2: Foul Ball, location: 2F
0-2: Foul Ball, location: 2F
0-2: Fly out, F8 (Flyball, 89M)
Top of the 1st over - 0 runs, 2 hits, 0 errors, 2 left on base; Boston 0 - Seattle 0
BOTTOM OF THE 1ST
Seattle Mariners batting - Pitching for Boston Red Sox : RHP Chris Stratton
Pitching: RHP Chris Stratton
Batting: LHB Ben Revere 0-0: Called Strike
0-1: Ground out 4-3 (Groundball, 4M)
Batting: RHB Matt Kemp 0-0: Ball
1-0: Called Strike
1-1: Ground out 5-3 (Groundball, 56S)
Batting: RHB Manny Machado 0-0: Called Strike
0-1: Foul Ball, location: 2F
0-2: Ball
1-2: Ground out 5-3 (Groundball, 56)
Bottom of the 1st over - 0 runs, 0 hits, 0 errors, 0 left on base; Boston 0 - Seattle 0
TOP OF THE 2ND
Boston Red Sox batting - Pitching for Seattle Mariners : RHP Gabriel Ynoa
Batting: LHB Derek Dietrich 0-0: Ball
1-0: Ball
2-0: Called Strike
2-1: Ground out 6-3 (Groundball, 6)
Batting: RHB Eduardo Nunez 0-0: Called Strike
0-1: Ball
1-1: Ball
2-1: Ground out 1-3 (Groundball, 15S)
Batting: RHB Travis d'Arnaud 0-0: Ball
1-0: Ground out 4-3 (Groundball, 4)
Top of the 2nd over - 0 runs, 0 hits, 0 errors, 0 left on base; Boston 0 - Seattle 0
BOTTOM OF THE 2ND
Seattle Mariners batting - Pitching for Boston Red Sox : RHP Chris Stratton
Batting: LHB Preston Tucker 0-0: Called Strike
0-1: Foul Ball, location: 2F
0-2: Ball
1-2: Ball
2-2: Strikes out swinging
Batting: LHB Brandon Nimmo 0-0: Called Strike
0-1: Swinging Strike
0-2: Ground out 1-3 (Groundball, P)
Batting: RHB Yadier Molina 0-0: Ball
1-0: Swinging Strike
1-1: Ground out 6-3 (Groundball, 6)
Bottom of the 2nd over - 0 runs, 0 hits, 0 errors, 0 left on base; Boston 0 - Seattle 0
TOP OF THE 3RD
Boston Red Sox batting - Pitching for Seattle Mariners : RHP Gabriel Ynoa
Batting: LHB Daniel Descalso 0-0: Ball
1-0: Ball
2-0: Foul Ball, location: 2F
2-1: Reached on error, E4 (Groundball, 4M)
Batting: RHB Cesar Puello 0-0: Called Strike
0-1: Foul Ball, location: 2F
0-2: Hit by Pitch
Daniel Descalso to second
Batting: SHB Yangervis Solarte 0-0: Reaches on Catchers interference
Daniel Descalso to third
Cesar Puello to second
Batting: LHB Matt Adams 0-0: Ball
1-0: Swinging Strike
1-1: Ball
2-1: Fly out, F7 (Flyball, 7LS)
Batting: RHB Yasiel Puig 0-0: Ball
1-0: Ball
2-0: Ball
3-0: Base on Balls
Daniel Descalso scores
Cesar Puello to third
Yangervis Solarte to second
Batting: LHB Jackie Bradley Jr. 0-0: Called Strike
0-1: Swinging Strike
0-2: Strikes out swinging
Batting: LHB Derek Dietrich 0-0: Swinging Strike
0-1: Ball
1-1: Ball
2-1: Ball
3-1: Called Strike
3-2: Ground out 1-3 (Groundball, 13)
Top of the 3rd over - 1 run, 0 hits, 2 errors, 3 left on base; Boston 1 - Seattle 0
BOTTOM OF THE 3RD
Seattle Mariners batting - Pitching for Boston Red Sox : RHP Chris Stratton
Batting: RHB Christian Villanueva 0-0: Ball
1-0: Ground out 6-3 (Groundball, 6)
Batting: RHB Yunel Escobar 0-0: Foul Ball, location: 2F
0-1: Ball
1-1: Called Strike
1-2: Ground out 6-3 (Groundball, 6M)
Batting: RHB Juremi Profar 0-0: Ball
1-0: Called Strike
1-1: Foul Ball, location: 2F
1-2: Foul Ball, location: 2F
1-2: Foul Ball, location: 2F
1-2: Foul Ball, location: 2F
1-2: Ball
2-2: Ball
3-2: Ground out 6-3 (Groundball, 56)
Bottom of the 3rd over - 0 runs, 0 hits, 0 errors, 0 left on base; Boston 1 - Seattle 0
TOP OF THE 4TH
Boston Red Sox batting - Pitching for Seattle Mariners : RHP Gabriel Ynoa
Batting: RHB Eduardo Nunez 0-0: Swinging Strike
0-1: Ball
1-1: Ball
2-1: Swinging Strike
2-2: Foul Ball, location: 2F
2-2: Foul Ball, location: 2F
2-2: SINGLE (Line Drive, 8LS)
Batting: RHB Travis d'Arnaud 0-0: Ball
1-0: Ball
2-0: Ball
3-0: Called Strike
3-1: SINGLE (Groundball, 6MD)
Eduardo Nunez to second
Runner from 2nd tries for 3rd, SAFE, throw by CF made to third
Batting: LHB Daniel Descalso 0-0: Ball
1-0: Called Strike
1-1: Fly out, F6 (Popup, 6M)
Batting: RHB Cesar Puello 0-0: Ball
1-0: Called Strike
1-1: Ground out 6-3 (Groundball, 56)
Travis d'Arnaud to second
Batting: SHB Yangervis Solarte 0-0: Ball
1-0: Ball
2-0: Foul Ball, location: 2F
2-1: Ground out 6-3 (Groundball, 6)
Top of the 4th over - 0 runs, 2 hits, 0 errors, 2 left on base; Boston 1 - Seattle 0
BOTTOM OF THE 4TH
Seattle Mariners batting - Pitching for Boston Red Sox : RHP Chris Stratton
Batting: LHB Ben Revere 0-0: Ball
1-0: Ball
2-0: Ball
3-0: Base on Balls
Batting: RHB Matt Kemp 0-0: Ball
1-0: Called Strike
1-1: Ball
2-1: Ball
3-1: Fly out, F6 (Popup, P)
Batting: RHB Manny Machado 0-0: Called Strike
0-1: Called Strike
0-2: Foul Ball, location: 2F
0-2: Ball
1-2: Ball
2-2: Fly out, F7 (Flyball, 7D)
Runner from 1st tags up, SAFE at 2nd
Batting: LHB Preston Tucker 0-0: Ball
1-0: Foul Ball, location: 2F
1-1: 2-RUN HOME RUN (Flyball, 78XD), Distance : 392 ft
Batting: LHB Brandon Nimmo 0-0: Ball
1-0: Foul Ball, location: 2F
1-1: Ball
2-1: Foul Ball, location: 2F
2-2: Ball
3-2: Foul Ball, location: 2F
3-2: SINGLE (Line Drive, 8RS)
Batting: RHB Yadier Molina 0-0: Called Strike
0-1: Fly out, F9 (Flyball, 9D)
Bottom of the 4th over - 2 runs, 2 hits, 0 errors, 1 left on base; Boston 1 - Seattle 2
TOP OF THE 5TH
Boston Red Sox batting - Pitching for Seattle Mariners : RHP Gabriel Ynoa
Batting: LHB Matt Adams 0-0: Called Strike
0-1: Foul Ball, location: 2F
0-2: Fly out, F9 (Flyball, 89D)
Batting: RHB Yasiel Puig 0-0: Called Strike
0-1: Ball
1-1: Ball
2-1: Ground out 6-3 (Groundball, 6S)
Batting: LHB Jackie Bradley Jr. 0-0: SOLO HOME RUN (Flyball, 7LD), Distance : 359 ft
Batting: LHB Derek Dietrich 0-0: Foul Ball, location: 2F
0-1: Ball
1-1: Ball
2-1: Foul Ball, location: 2F
2-2: Hit by Pitch
Batting: RHB Eduardo Nunez 0-0: Ball
1-0: Fly out, F8 (Line Drive, 8LD)
Top of the 5th over - 1 run, 1 hit, 0 errors, 1 left on base; Boston 2 - Seattle 2
BOTTOM OF THE 5TH
Seattle Mariners batting - Pitching for Boston Red Sox : RHP Chris Stratton
Batting: RHB Christian Villanueva 0-0: Ball
1-0: Called Strike
1-1: Ball
2-1: Swinging Strike
2-2: Fly out, F9 (Flyball, 9LSF)
Batting: RHB Yunel Escobar 0-0: Ball
1-0: Fly out, F9 (Flyball, 89S)
Batting: RHB Juremi Profar 0-0: Ball
1-0: Swinging Strike
1-1: Ball
2-1: Foul Ball, location: 2F
2-2: Foul Ball, location: 2F
2-2: Foul Ball, location: 2F
2-2: Ball
3-2: SINGLE (Line Drive, 56D)
Pitching: RHP Cam Bedrosian
Batting: LHB Ben Revere 0-0: Ball
1-0: SINGLE (Groundball, 6) (infield hit)
Juremi Profar to second
Batting: RHB Matt Kemp 0-0: Swinging Strike
0-1: Foul Ball, location: 2F
0-2: Ball
1-2: Ball
2-2: Foul Ball, location: 2F
2-2: Ground out 5-3 (Groundball, 56S)
Bottom of the 5th over - 0 runs, 2 hits, 0 errors, 2 left on base; Boston 2 - Seattle 2
TOP OF THE 6TH
Boston Red Sox batting - Pitching for Seattle Mariners : RHP Gabriel Ynoa
Pitching: LHP Jarlin Garcia
Batting: RHB Travis d'Arnaud 0-0: Fly out, F3 (Popup, 3SF)
Batting: LHB Daniel Descalso 0-0: Called Strike
0-1: Ball
1-1: Foul Ball, location: 2F
1-2: Strikes out swinging
Batting: RHB Cesar Puello 0-0: Ball
1-0: Foul Ball, location: 2F
1-1: Ground out 1-3 (Groundball, 13)
Top of the 6th over - 0 runs, 0 hits, 0 errors, 0 left on base; Boston 2 - Seattle 2
BOTTOM OF THE 6TH
Seattle Mariners batting - Pitching for Boston Red Sox : RHP Cam Bedrosian
Batting: RHB Manny Machado 0-0: Ball
1-0: Ground out 2-3 (Groundball, 2L)
Batting: LHB Preston Tucker 0-0: Called Strike
0-1: Swinging Strike
0-2: Foul Ball, location: 2F
0-2: Ball
1-2: Strikes out swinging
Batting: LHB Brandon Nimmo 0-0: Swinging Strike
0-1: Called Strike
0-2: Ball
1-2: Strikes out swinging
Bottom of the 6th over - 0 runs, 0 hits, 0 errors, 0 left on base; Boston 2 - Seattle 2
TOP OF THE 7TH
Boston Red Sox batting - Pitching for Seattle Mariners : LHP Jarlin Garcia
Batting: SHB Yangervis Solarte 0-0: DOUBLE (Line Drive, 89D)
Pinch Hitting: RHB Yoenis Cespedes 0-0: Intentional Walk
Batting: RHB Yasiel Puig 0-0: Called Strike
0-1: Swinging Strike
0-2: Fly out, F7 (Flyball, 7S)
Batting: LHB Jackie Bradley Jr. 0-0: Ball
1-0: Ball
2-0: Called Strike
2-1: Foul Ball, location: 2F
2-2: Ball
3-2: Strikes out swinging
Batting: LHB Derek Dietrich 0-0: Called Strike
0-1: Called Strike
0-2: Foul Ball, location: 2F
0-2: Ball
1-2: Strikes out looking
Top of the 7th over - 0 runs, 1 hit, 0 errors, 2 left on base; Boston 2 - Seattle 2
BOTTOM OF THE 7TH
Seattle Mariners batting - Pitching for Boston Red Sox : RHP Cam Bedrosian
Pitching: RHP Liam Hendriks
Now in LF: Yoenis Cespedes
Batting: RHB Yadier Molina 0-0: Called Strike
0-1: Swinging Strike
0-2: Strikes out looking
Batting: RHB Christian Villanueva 0-0: Ball
1-0: Ball
2-0: Ball
3-0: Base on Balls
Pitching: LHP Ryan Buchter
Batting: RHB Yunel Escobar 0-0: Ball
1-0: Called Strike
1-1: Called Strike
1-2: Ball
2-2: Foul Ball, location: 2F
2-2: Strikes out looking
Batting: RHB Juremi Profar 0-0: Reached on error, E5 (Groundball, 56)
Christian Villanueva to second
Batting: LHB Ben Revere 0-0: Ball
1-0: Ball
2-0: Ball
3-0: Fielders Choice at 2nd, 6-4 (Groundball, 6)
Bottom of the 7th over - 0 runs, 0 hits, 1 error, 2 left on base; Boston 2 - Seattle 2
TOP OF THE 8TH
Boston Red Sox batting - Pitching for Seattle Mariners : LHP Jarlin Garcia
Pitching: RHP Heath Hembree
Batting: RHB Eduardo Nunez 0-0: Ball
1-0: DOUBLE (Line Drive, 78D)
Batting: RHB Travis d'Arnaud 0-0: Intentional Walk
Batting: LHB Daniel Descalso 0-0: Ball
1-0: Ball
2-0: Foul Ball, location: 2F
2-1: Foul Ball, location: 2F
2-2: Foul Ball, location: 2F
2-2: Ball
3-2: DOUBLE (Flyball, 8LXD)
Eduardo Nunez scores
Travis d'Arnaud to third
Batting: RHB Cesar Puello 0-0: Fly out, F9 (Flyball, 9LSF)
Batting: SHB Yangervis Solarte 0-0: Ball
1-0: Ball
2-0: Ground out 4-3 (Groundball, 4S)
Batting: RHB Yoenis Cespedes 0-0: Called Strike
0-1: Ball
1-1: Called Strike
1-2: Fly out, F7 (Flyball, 7S)
Top of the 8th over - 1 run, 2 hits, 0 errors, 2 left on base; Boston 3 - Seattle 2
BOTTOM OF THE 8TH
Seattle Mariners batting - Pitching for Boston Red Sox : LHP Ryan Buchter
Batting: RHB Matt Kemp 0-0: Ball
1-0: Ball
2-0: Called Strike
2-1: Called Strike
2-2: Foul Ball, location: 2F
2-2: Ball
3-2: Strikes out swinging, 2-3 out at first.
Batting: RHB Manny Machado 0-0: Called Strike
0-1: Swinging Strike
0-2: Ball
1-2: Ball
2-2: Strikes out swinging
Batting: LHB Preston Tucker 0-0: Ball
1-0: Called Strike
1-1: Fly out, F3 (Popup, 23F)
Bottom of the 8th over - 0 runs, 0 hits, 0 errors, 0 left on base; Boston 3 - Seattle 2
TOP OF THE 9TH
Boston Red Sox batting - Pitching for Seattle Mariners : RHP Heath Hembree
Pitching: RHP Jose Leclerc
Batting: RHB Yasiel Puig 0-0: Called Strike
0-1: Foul Ball, location: 2F
0-2: Foul Ball, location: 2F
0-2: Ball
1-2: Fly out, F8 (Flyball, 78S)
Batting: LHB Jackie Bradley Jr. 0-0: Ball
1-0: Ball
2-0: Ball
3-0: Called Strike
3-1: Foul Ball, location: 2F
3-2: Foul Ball, location: 2F
3-2: Base on Balls
Pitching: RHP Brad Keller
Batting: LHB Derek Dietrich 0-0: Called Strike
0-1: Swinging Strike
0-2: Ball
1-2: DOUBLE (Flyball, 78XD)
Jackie Bradley Jr. to third
Batting: RHB Eduardo Nunez 0-0: Ground out 1-3 (Groundball, 34S)
Batting: RHB Travis d'Arnaud 0-0: Intentional Walk
Batting: LHB Daniel Descalso 0-0: Called Strike
0-1: Foul Ball, location: 2F
0-2: SINGLE (Groundball, 6D)
Jackie Bradley Jr. scores
Derek Dietrich to third
Travis d'Arnaud to second
Runner from 3rd tries for Home, SAFE, throw by LF to trailing runner, OUT at third! 7-5
Top of the 9th over - 2 runs, 2 hits, 0 errors, 1 left on base; Boston 5 - Seattle 2
BOTTOM OF THE 9TH
Seattle Mariners batting - Pitching for Boston Red Sox : LHP Ryan Buchter
Pitching: RHP Edwin Diaz
Batting: LHB Brandon Nimmo 0-0: Ball
1-0: Ball
2-0: Called Strike
2-1: Foul Ball, location: 2F
2-2: Ground out 1-3 (Groundball, 13S)
Batting: RHB Yadier Molina 0-0: Ground out 5-3 (Groundball, 5)
Batting: RHB Christian Villanueva 0-0: Called Strike
0-1: Ball
1-1: Ball
2-1: Swinging Strike
2-2: Ball
3-2: SOLO HOME RUN (Flyball, 9D), Distance : 372 ft
Batting: RHB Yunel Escobar 0-0: Called Strike
0-1: Swinging Strike
0-2: Foul Ball, location: 2F
0-2: Ball
1-2: Ground out 6-3 (Groundball, 6)
Bottom of the 9th over - 1 run, 1 hit, 0 errors, 0 left on base; Boston 5 - Seattle 3
Thursday, August 23rd, 2018 - OOTP Baseball 19.8 Build 70